TOP OF THE 1ST |
Joplin Blasters batting - Pitching for Calgary Flames : RHP Ashley Adams
|
Pitching: RHP Ashley Adams
|
|
Batting: RHB Henri Veen
|
0-0: Ball 1-0: Foul Ball, location: 2F 1-1: Swinging Strike 1-2: Foul Ball, location: 2F 1-2: Ball 2-2: Ball 3-2: Strikes out swinging
|
Batting: RHB Andy Sheridan
|
0-0: Swinging Strike 0-1: Fly out, F8 (Line Drive, 8LD, EV 100.0 MPH)
|
Batting: RHB Andrew Fiorito
|
0-0: Ball 1-0: TRIPLE (Flyball, 78XD, EV 93.8 MPH)
|
Batting: RHB Kevin Kush
|
0-0: Ball 1-0: Ball 2-0: Called Strike 2-1: Ground out U3 (Groundball, 34, EV 105.6 MPH)
|
Top of the 1st over - 0 runs, 1 hit, 0 errors, 1 left on base; Joplin 0 - Calgary 0 |
BOTTOM OF THE 1ST |
Calgary Flames batting - Pitching for Joplin Blasters : RHP Colin Stone
|
Pitching: RHP Colin Stone
|
|
Batting: RHB Luis Juarez
|
0-0: Swinging Strike 0-1: Swinging Strike 0-2: Ball 1-2: Strikes out swinging
|
Batting: RHB Brent Stewart
|
0-0: Ball 1-0: Ground out 6-3 (Groundball, 6S, EV 88.8 MPH)
|
Batting: RHB Jordan Guajardo
|
0-0: Ball 1-0: Ball 2-0: Called Strike 2-1: Ball 3-1: Foul Ball, location: 2F 3-2: SINGLE (Groundball, 4MD, EV 96.9 MPH)
|
Batting: RHB Andres Valles
|
0-0: Called Strike 0-1: Ball 1-1: Foul Ball, location: 2F 1-2: Strikes out swinging
|
Bottom of the 1st over - 0 runs, 1 hit, 0 errors, 1 left on base; Joplin 0 - Calgary 0 |
TOP OF THE 2ND |
Joplin Blasters batting - Pitching for Calgary Flames : RHP Ashley Adams
|
Batting: RHB Leo Fernandez
|
0-0: Hit by Pitch
|
Batting: RHB Mike Lane
|
0-0: Foul Ball, location: 2F 0-1: DOUBLE (Flyball, 89D, EV 101.9 MPH) Leo Fernandez to third
|
Batting: RHB Dave Low
|
0-0: Called Strike 0-1: Ground out U3 (Groundball, 3, EV 90.0 MPH)
|
Batting: RHB Damani Parsons
|
0-0: Called Strike 0-1: Foul Ball, location: 2F 0-2: Ball 1-2: Fly out, F9 (Flyball, 9LM, EV 95.0 MPH) Runner from 3rd tags up, SCORES, no throw by RF
|
Batting: RHB Colin Stone
|
0-0: Foul Ball, location: 2F 0-1: Ball 1-1: Fly out, F8 (Line Drive, 8RM, EV 93.1 MPH)
|
Top of the 2nd over - 1 run, 1 hit, 0 errors, 1 left on base; Joplin 1 - Calgary 0 |
BOTTOM OF THE 2ND |
Calgary Flames batting - Pitching for Joplin Blasters : RHP Colin Stone
|
Batting: SHB Rich Self
|
0-0: Ball 1-0: Ball 2-0: Called Strike 2-1: SINGLE (Groundball, 6, EV 88.1 MPH) (infield hit)
|
Batting: RHB Bobby Light
|
Pickoff Throw to First - Error! E1 Rich Self to second 0-0: Swinging Strike 0-1: Ball 1-1: Ball 2-1: Ball 3-1: Base on Balls
|
Batting: LHB Silvio Mulder
|
0-0: Foul Ball, location: 2F 0-1: Foul Ball, location: 2F 0-2: SINGLE (Groundball, 6MS, EV 61.3 MPH) (infield hit) Rich Self to third Bobby Light to second
|
Batting: RHB Glenn Viano
|
0-0: Called Strike 0-1: Ball 1-1: Fly out, F8 (Line Drive, 8RD, EV 85.6 MPH) Runner from 3rd tags up, SCORES, throw by CF Bobby Light to third
|
Batting: RHB Ashley Adams
|
0-0: Bunted foul 0-1: Ball 1-1: Ball 2-1: Bunted foul 2-2: Bunted foul, Strikeout!
|
Batting: RHB Luis Juarez
|
0-0: Ball 1-0: Called Strike 1-1: Called Strike 1-2: Strikes out swinging
|
Bottom of the 2nd over - 1 run, 2 hits, 1 error, 2 left on base; Joplin 1 - Calgary 1 |
TOP OF THE 3RD |
Joplin Blasters batting - Pitching for Calgary Flames : RHP Ashley Adams
|
Batting: RHB Henri Veen
|
0-0: Ball 1-0: Foul Ball, location: 2F 1-1: Ball 2-1: Foul Ball, location: 2F 2-2: Strikes out swinging
|
Batting: RHB Andy Sheridan
|
0-0: Called Strike 0-1: Ball 1-1: Fly out, F3 (Popup, 3S, EV 87.5 MPH)
|
Batting: RHB Andrew Fiorito
|
0-0: Ball 1-0: Called Strike 1-1: Fly out, F8 (Flyball, 8RD, EV 97.5 MPH)
|
Top of the 3rd over - 0 runs, 0 hits, 0 errors, 0 left on base; Joplin 1 - Calgary 1 |
BOTTOM OF THE 3RD |
Calgary Flames batting - Pitching for Joplin Blasters : RHP Colin Stone
|
Batting: RHB Brent Stewart
|
0-0: Swinging Strike 0-1: Called Strike 0-2: SINGLE (Groundball, 34D, EV 96.9 MPH)
|
Batting: RHB Jordan Guajardo
|
0-0: Called Strike 0-1: Called Strike 0-2: Foul Ball, location: 2F 0-2: Ball 1-2: Ball Wild Pitch! Brent Stewart to second 2-2: Strikes out looking
|
Batting: RHB Andres Valles
|
0-0: Called Strike 0-1: Called Strike 0-2: Strikes out swinging
|
Batting: SHB Rich Self
|
0-0: Foul Ball, location: 2F 0-1: Foul Ball, location: 2F 0-2: Ball 1-2: Foul Ball, location: 2F 1-2: Foul Ball, location: 2F 1-2: Foul Ball, location: 2F 1-2: Ball 2-2: Fly out, F7 (Flyball, 7S, EV 81.9 MPH)
|
Bottom of the 3rd over - 0 runs, 1 hit, 0 errors, 1 left on base; Joplin 1 - Calgary 1 |
TOP OF THE 4TH |
Joplin Blasters batting - Pitching for Calgary Flames : RHP Ashley Adams
|
Batting: RHB Kevin Kush
|
0-0: Fly out, F8 (Flyball, 8LD, EV 97.5 MPH)
|
Batting: RHB Leo Fernandez
|
0-0: Ball 1-0: Ball 2-0: Foul Ball, location: 2F 2-1: Ball 3-1: Fly out, F8 (Flyball, 8RS, EV 71.9 MPH)
|
Batting: RHB Mike Lane
|
0-0: Swinging Strike 0-1: Ball 1-1: Ball 2-1: Fly out, F7 (Flyball, 78M, EV 88.1 MPH)
|
Top of the 4th over - 0 runs, 0 hits, 0 errors, 0 left on base; Joplin 1 - Calgary 1 |
BOTTOM OF THE 4TH |
Calgary Flames batting - Pitching for Joplin Blasters : RHP Colin Stone
|
Batting: RHB Bobby Light
|
0-0: Called Strike 0-1: Called Strike 0-2: Foul Ball, location: 2F 0-2: Strikes out swinging
|
Batting: LHB Silvio Mulder
|
0-0: Called Strike 0-1: SINGLE (Groundball, 34D, EV 102.5 MPH)
|
Batting: RHB Glenn Viano
|
0-0: Called Strike 0-1: Fielders Choice at 2nd, 4-6 (Groundball, 34, EV 87.5 MPH)
|
Batting: RHB Ashley Adams
|
0-0: Fielders Choice at 2nd, 6-4 (Groundball, 6, EV 80.6 MPH)
|
Bottom of the 4th over - 0 runs, 1 hit, 0 errors, 1 left on base; Joplin 1 - Calgary 1 |
TOP OF THE 5TH |
Joplin Blasters batting - Pitching for Calgary Flames : RHP Ashley Adams
|
Batting: RHB Dave Low
|
0-0: Ball 1-0: Swinging Strike 1-1: Foul Ball, location: 2F 1-2: Ball 2-2: Fly out, F8 (Line Drive, 8LM, EV 90.0 MPH)
|
Batting: RHB Damani Parsons
|
0-0: Ball 1-0: Foul Ball, location: 2F 1-1: Called Strike 1-2: Strikes out looking
|
Batting: RHB Colin Stone
|
0-0: DOUBLE (Line Drive, 9LS, EV 95.6 MPH)
|
Batting: RHB Henri Veen
|
0-0: Swinging Strike Passed Ball! Colin Stone to third 0-1: Ball 1-1: Foul Ball, location: 2F 1-2: Strikes out looking
|
Top of the 5th over - 0 runs, 1 hit, 0 errors, 1 left on base; Joplin 1 - Calgary 1 |
BOTTOM OF THE 5TH |
Calgary Flames batting - Pitching for Joplin Blasters : RHP Colin Stone
|
Batting: RHB Luis Juarez
|
0-0: Swinging Strike 0-1: Bunted foul 0-2: Ground out 5-3 (Groundball, 56, EV 76.3 MPH)
|
Batting: RHB Brent Stewart
|
0-0: Ball 1-0: Foul Ball, location: 2F 1-1: Ball 2-1: Ball 3-1: Swinging Strike 3-2: SINGLE (Groundball, 6, EV 80.0 MPH) (infield hit)
|
Batting: RHB Jordan Guajardo
|
0-0: Foul Ball, location: 2F 0-1: Ball 1-1: Ball 2-1: Foul Ball, location: 2F 2-2: Fielders Choice at 2nd, 1-6 (Groundball, 34S, EV 87.5 MPH)
|
Batting: RHB Andres Valles
|
0-0: Swinging Strike 0-1: Foul Ball, location: 2F 0-2: Ball 1-2: Strikes out swinging
|
Bottom of the 5th over - 0 runs, 1 hit, 0 errors, 1 left on base; Joplin 1 - Calgary 1 |
TOP OF THE 6TH |
Joplin Blasters batting - Pitching for Calgary Flames : RHP Ashley Adams
|
Batting: RHB Andy Sheridan
|
0-0: Ball 1-0: Ground out U3 (Groundball, 34, EV 91.3 MPH)
|
Batting: RHB Andrew Fiorito
|
0-0: SOLO HOME RUN (Flyball, 7D, EV 111.9 MPH), Distance : 414 ft
|
Batting: RHB Kevin Kush
|
0-0: Called Strike 0-1: Ball 1-1: Ball 2-1: Ground out 5-3 (Groundball, 5, EV 88.1 MPH)
|
Batting: RHB Leo Fernandez
|
0-0: Called Strike 0-1: Ball 1-1: Ball 2-1: Foul Ball, location: 2F 2-2: Ground out 6-3 (Groundball, 6M, EV 100.6 MPH)
|
Top of the 6th over - 1 run, 1 hit, 0 errors, 0 left on base; Joplin 2 - Calgary 1 |
BOTTOM OF THE 6TH |
Calgary Flames batting - Pitching for Joplin Blasters : RHP Colin Stone
|
Pitching: RHP Dane Weis
|
|
Now at C: Dave Rosado
|
|
Batting: SHB Rich Self
|
0-0: Ball 1-0: Called Strike 1-1: Ball 2-1: Ball 3-1: Base on Balls
|
Batting: RHB Bobby Light
|
0-0: Ball 1-0: Swinging Strike 1-1: Foul Ball, location: 2F 1-2: Ball Wild Pitch! Rich Self to second 2-2: Strikes out swinging
|
Batting: LHB Silvio Mulder
|
0-0: Called Strike 0-1: Swinging Strike 0-2: Strikes out swinging
|
Batting: RHB Glenn Viano
|
0-0: Intentional Walk
|
Pinch Hitting: RHB Victor Frias
|
0-0: Ball 1-0: SINGLE (Line Drive, 6MD, EV 100.6 MPH) Rich Self to third Glenn Viano to second Runner from 3rd tries for Home, SAFE, no throw by CF
|
Batting: RHB Luis Juarez
|
0-0: Foul Ball, location: 2F 0-1: Ball 1-1: Foul Ball, location: 2F 1-2: Strikes out swinging
|
Bottom of the 6th over - 1 run, 1 hit, 0 errors, 2 left on base; Joplin 2 - Calgary 2 |
TOP OF THE 7TH |
Joplin Blasters batting - Pitching for Calgary Flames : RHP Ashley Adams
|
Pitching: RHP David Fader
|
|
Batting: RHB Mike Lane
|
0-0: Ball 1-0: Foul Ball, location: 2F 1-1: Foul Ball, location: 2F 1-2: Foul Ball, location: 2F 1-2: Strikes out swinging
|
Batting: RHB Dave Low
|
0-0: Called Strike 0-1: Swinging Strike 0-2: Ball 1-2: Strikes out swinging
|
Batting: RHB Damani Parsons
|
0-0: Ground out 6-3 (Groundball, 6, EV 104.4 MPH)
|
Top of the 7th over - 0 runs, 0 hits, 0 errors, 0 left on base; Joplin 2 - Calgary 2 |
BOTTOM OF THE 7TH |
Calgary Flames batting - Pitching for Joplin Blasters : RHP Dane Weis
|
Batting: RHB Brent Stewart
|
0-0: Swinging Strike 0-1: Foul Ball, location: 2F 0-2: Foul Ball, location: 2F 0-2: Ground out 5-3 (Groundball, 6S, EV 85.0 MPH)
|
Batting: RHB Jordan Guajardo
|
0-0: Ball 1-0: SINGLE (Groundball, 4MD, EV 96.3 MPH)
|
Batting: RHB Andres Valles
|
0-0: SINGLE (Groundball, 34D, EV 102.5 MPH) Jordan Guajardo to second Runner from 2nd tries for 3rd, SAFE, throw by RF made to third
|
Batting: SHB Rich Self
|
0-0: Ball 1-0: Called Strike 1-1: Called Strike 1-2: Fly out, F8 (Line Drive, 8LM, EV 106.3 MPH) Runner from 3rd tags up, SCORES, no throw by CF
|
Batting: RHB Bobby Light
|
0-0: Swinging Strike 0-1: Ball 1-1: Called Strike 1-2: Foul Ball, location: 2F 1-2: Ball 2-2: Strikes out swinging
|
Bottom of the 7th over - 1 run, 2 hits, 0 errors, 1 left on base; Joplin 2 - Calgary 3 |
TOP OF THE 8TH |
Joplin Blasters batting - Pitching for Calgary Flames : RHP David Fader
|
Batting: RHB Dave Rosado
|
0-0: Ball 1-0: Ball 2-0: Ball 3-0: Called Strike 3-1: Fly out, F9 (Flyball, 9LM, EV 88.1 MPH)
|
Batting: RHB Henri Veen
|
0-0: Ball 1-0: Called Strike 1-1: Ball 2-1: Ball 3-1: Fly out, F9 (Flyball, 9LS, EV 90.0 MPH)
|
Batting: RHB Andy Sheridan
|
0-0: Ball 1-0: Called Strike 1-1: SINGLE (Line Drive, 8RS, EV 96.9 MPH)
|
Pinch Runner at 1st Jonathan Laurie:
|
|
Batting: RHB Andrew Fiorito
|
0-0: Foul Ball, location: 2F 0-1: Ball 1-1: Foul Ball, location: 2F 1-2: Ball 2-2: Foul Ball, location: 2F 2-2: DOUBLE (Line Drive, 5D, EV 95.6 MPH) Jonathan Laurie to third Runner from 3rd tries for Home, SAFE, throw by LF to home
|
Batting: RHB Kevin Kush
|
0-0: Foul Ball, location: 2F 0-1: Ball 1-1: Ball 2-1: Foul Ball, location: 2F 2-2: Ball 3-2: Fly out, F7 (Flyball, 7, EV 93.8 MPH)
|
Top of the 8th over - 1 run, 2 hits, 0 errors, 1 left on base; Joplin 3 - Calgary 3 |
BOTTOM OF THE 8TH |
Calgary Flames batting - Pitching for Joplin Blasters : RHP Dane Weis
|
Pitching: RHP Dave Liantonio
|
|
Now at 1B: Jonathan Laurie
|
|
Batting: LHB Silvio Mulder
|
0-0: Ball 1-0: Foul Ball, location: 2F 1-1: Called Strike 1-2: Foul Ball, location: 2F 1-2: Ball 2-2: Strikes out swinging
|
Batting: RHB Glenn Viano
|
0-0: Foul Ball, location: 2F 0-1: Ball 1-1: Ball 2-1: Called Strike 2-2: Foul Ball, location: 2F 2-2: Ball 3-2: Ground out 3-1 (Groundball, 34S, EV 91.9 MPH)
|
Pinch Hitting: RHB Cody Rector
|
0-0: Ball 1-0: Swinging Strike 1-1: Fly out, F6 (Flyball, 6MD, EV 86.3 MPH)
|
Bottom of the 8th over - 0 runs, 0 hits, 0 errors, 0 left on base; Joplin 3 - Calgary 3 |
TOP OF THE 9TH |
Joplin Blasters batting - Pitching for Calgary Flames : RHP David Fader
|
Pitching: RHP John Koopman
|
|
Pinch Hitting: LHB Gerardo Mendez
|
0-0: Foul Ball, location: 2F 0-1: Foul Ball, location: 2F 0-2: SINGLE (Groundball, 4D, EV 101.3 MPH)
|
Pinch Hitting: RHB T.J. Brandon
|
0-0: Ball 1-0: Ball 2-0: Foul Ball, location: 2F 2-1: Ball 3-1: Fielders Choice at 2nd, 6-4 (Groundball, 56, EV 88.1 MPH)
|
Pinch Hitting: RHB Willie Macias
|
0-0: Ball 1-0: Ball 2-0: Ball 3-0: Called Strike 3-1: Swinging Strike 3-2: Foul Ball, location: 2F 3-2: Base on Balls T.J. Brandon to second
|
Pinch Hitting: LHB Arturo Crespo
|
0-0: Ball 1-0: Ball 2-0: Ball 3-0: Base on Balls T.J. Brandon to third Willie Macias to second
|
Batting: RHB Dave Rosado
|
0-0: Ball 1-0: Swinging Strike 1-1: Ball 2-1: Ball 3-1: Base on Balls T.J. Brandon scores Willie Macias to third Arturo Crespo to second
|
Batting: RHB Henri Veen
|
0-0: Ball 1-0: SINGLE (Groundball, 4, EV 102.5 MPH) (infield hit) Willie Macias scores Arturo Crespo to third Dave Rosado to second
|
Batting: SHB Jonathan Laurie
|
0-0: Called Strike 0-1: Ball 1-1: Called Strike 1-2: Ball 2-2: Foul Ball, location: 2F 2-2: SINGLE (Line Drive, 89M, EV 95.0 MPH) Arturo Crespo scores Dave Rosado to third Henri Veen to second
|
Batting: RHB Andrew Fiorito
|
0-0: SINGLE (Groundball, 6, EV 94.4 MPH) (infield hit) Dave Rosado scores Henri Veen to third Jonathan Laurie to second
|
Pitching: RHP Mike Hoffman
|
|
Batting: RHB Kevin Kush
|
0-0: Foul Ball, location: 2F 0-1: Foul Ball, location: 2F 0-2: Strikes out swinging
|
Batting: LHB Gerardo Mendez
|
0-0: Called Strike 0-1: Ball 1-1: Called Strike 1-2: Foul Ball, location: 2F 1-2: Ball 2-2: Strikes out swinging
|
Top of the 9th over - 4 runs, 4 hits, 0 errors, 3 left on base; Joplin 7 - Calgary 3 |
BOTTOM OF THE 9TH |
Calgary Flames batting - Pitching for Joplin Blasters : RHP Dave Liantonio
|
Pitching: RHP Ahmad Marshall
|
|
Now at 3B: Alonzo Collazo
|
|
Now at SS: Ron Burk
|
|
Now in RF: Turner Bowker
|
|
Batting: RHB Luis Juarez
|
0-0: Ball 1-0: Ball 2-0: Ball 3-0: Called Strike 3-1: Swinging Strike 3-2: Base on Balls
|
Batting: RHB Brent Stewart
|
0-0: SINGLE (Groundball, 34D, EV 94.4 MPH) Luis Juarez to second
|
Batting: RHB Jordan Guajardo
|
0-0: Ball 1-0: Called Strike 1-1: Called Strike 1-2: Strikes out swinging
|
Batting: RHB Andres Valles
|
0-0: SINGLE (Groundball, 5D, EV 98.1 MPH) Luis Juarez to third Brent Stewart to second
|
Batting: SHB Rich Self
|
0-0: Called Strike 0-1: Called Strike 0-2: Ball 1-2: Reached on error, E6 (Groundball, 6M, EV 83.8 MPH) Luis Juarez scores Brent Stewart to third Andres Valles to second
|
Pinch Hitting: RHB Joe Brown
|
0-0: Ball 1-0: Ball 2-0: GRAND SLAM HOME RUN (Flyball, 7D, EV 99.4 MPH), Distance : 397 ft
|
|
Game Over ... Calgary defeats Joplin, 8 to 7
|
|
 |
Tuesday, March 28th , 2023 - OOTP Baseball 23.10 Build 110
|
|